 Dungeon Crawl Stone Soup version 0.29.0-15-g675c0067aa (webtiles) character file.

Game seed: 13892293212458587471

142 qw the Chopper (level 5, -1/32 HPs)
             Began as a Gargoyle Fighter on Sept 12, 2022.
             Slain by an ogre
             ... wielding a +0 giant club
              (24 damage)
             ... on level 4 of the Dungeon.
             The game lasted 00:00:42 (2464 turns).

qw the Chopper (Gargoyle Fighter)                   Turns: 2464, Time: 00:00:43

Health: -1/32      AC: 15    Str: 22    XL:     5   Next: 25%
Magic:  5/5        EV:  7    Int:  8    God:
Gold:   75         SH:  4    Dex:  9    Spells: 4/4 levels left

rFire   . . .      SeeInvis .   Y - +0 war axe
rCold   . . .      Faith    .   c - +0 buckler
rNeg    + . .      Spirit   .   j - +0 chain mail
rPois   inf        Reflect  .   k - +0 helmet
rElec   +          Harm     .   (no cloak)
rCorr   .          Rampage  .   f - +0 pair of gloves
Will    .....                   (no boots)
Stlth   ..........              (no amulet)
HPRegen 0.10/turn               (no ring)
MPRegen 0.09/turn               (no ring)

@: no status effects
A: sickness immunity, AC +4, negative energy resistance 1, electricity
resistance, torment resistance 1, petrification resistance
a: no special abilities


You were on level 4 of the Dungeon.
You visited 1 branch of the dungeon, and saw 4 of its levels.

You collected 75 gold pieces.


Innate Abilities, Weirdness & Mutations

You are immune to sickness and miasma.
Your stone body is resilient. (AC +4)
You are immune to poison.
You resist negative energy. (rN+)
You are resistant to electric shocks. (rElec)
You are resistant to unholy torment.
You are immune to petrification.


   Skills:
 - Level 3.2 Fighting
 + Level 4.4 Axes
 - Level 1.4 Throwing
 - Level 3.2 Armour
 - Level 3.2 Shields


You had 4 spell levels left.
You didn't know any spells.
Your spell library was empty.

Inventory:

Hand Weapons
 l - a +0 flail
 Y - a +0 war axe (weapon)
Missiles
 m - a javelin (quivered)
Armour
 c - a +0 buckler (worn)
 f - a +0 pair of gloves (worn)
 j - a +0 chain mail (worn)
 k - a +0 helmet (worn)
Scrolls
 n - a scroll of identify
Potions
 a - a potion of mutation {unknown}
 d - a potion of might
 e - a potion of heal wounds {unknown}
 g - a potion of ambrosia {unknown}
 h - a potion of curing
 i - a potion of flight {unknown}

Dungeon Overview and Level Annotations

Branches:
Dungeon (4/15)
 Temple: D:4-7

Altars:
Makhleb


Message History

You barely miss the iguana.
The iguana is moderately wounded.
The iguana bites you but does no damage.
You slash the iguana!
The iguana is almost dead.
The iguana barely misses you.
You barely miss the iguana.
The iguana is almost dead.
The iguana bites you!
You completely miss the iguana.
The iguana is almost dead.
The iguana bites you but does no damage. x2
You hit the iguana but do no damage.
The iguana is almost dead.
The iguana bites you.
You hit the iguana but do no damage.
The iguana is almost dead.
The iguana bites you. The iguana closely misses you.
You hit the iguana.
You kill the iguana!
Your Throwing skill increases to level 1!
You start resting.
HP restored.
You see here an iguana corpse.
An ogre comes into view. It is wielding a +0 giant club.
The ogre shouts!
Throw: 2 javelins
Press: ? - help, Q - select action Shift-Dir - straight line, f - ogre You throw a javelin.
The javelin pierces through the ogre.
The ogre is lightly wounded.
A scorpion comes into view.
2460 ||| Stepping ~*~*~tactically~*~*~ (stealth).
You slash the ogre!
The ogre is heavily wounded.
The ogre hits you with a +0 giant club!
You hit the ogre.
The ogre is heavily wounded.
The ogre hits you with a +0 giant club!!
Ouch! That really hurt!
You die...

#..... #....## ....
#.....# .... #....<#
...(. ..#..%..###
..... ........%..#
......
...........###......
.!...........O......
(...........@s......
#######.....(.(.....
##+######..... ....
###


You could see an ogre and a scorpion.

Vanquished Creatures
  An orc priest (D:3)
  An iguana (D:4)
  5 adders
  A dart slug (D:3)
  3 orcs (D:3)
  4 endoplasms
  2 giant cockroaches
  4 goblins
  7 hobgoblins
  3 quokkas (D:2)
  4 ball pythons
  A bat (D:1)
  3 frilled lizards
  A rat (D:3)
40 creatures vanquished.

Notes
Turn   | Place    | Note
-------+----------+-------------------------------------------
     0 | D:1      | qw the Gargoyle Fighter began the quest for the Orb.
     0 | D:1      | Reached XP level 1. HP: 14/14 MP: 1/1
     0 | D:1      | 0 ||| qw: Version: 0.1-a-119-g272c26d
     0 | D:1      | 0 ||| qw: Game counter: 11054
     0 | D:1      | 0 ||| qw: Always use a shield: true
     0 | D:1      | 0 ||| qw: God list: Okawaru
     0 | D:1      | 0 ||| qw: Allow faded altars: false
     0 | D:1      | 0 ||| qw: Do Orc after D:15 true
     0 | D:1      | 0 ||| qw: Do second Lair branch before Depths: true
     0 | D:1      | 0 ||| qw: Lair rune preference: random
     0 | D:1      | 0 ||| qw: Plans: Normal, Zot, God:TSO, Crypt, Tomb, Pan,
                  | Slime, Hells, Zig, Abyss, Orb
     0 | D:1      | 0 ||| PLANNING D:1-11
   110 | D:1      | Reached skill level 2 in Axes
   412 | D:1      | Reached XP level 2. HP: 13/19 MP: 2/2
   767 | D:1      | 767 ||| READING scroll labelled CUIXTUERUFE.
   768 | D:1      | 768 ||| READING scroll labelled ZAAGRU ICZIT.
   854 | D:2      | You fall into a shaft and drop 1 floor!
   930 | D:3      | Reached skill level 3 in Axes
   930 | D:3      | HP: 4/19 [constriction (1)]
   936 | D:3      | Reached XP level 3. HP: 6/23 MP: 3/3
   982 | D:3      | 982 ||| FLEEEEING.
   983 | D:3      | 983 ||| FLEEEEING.
   984 | D:3      | 984 ||| FLEEEEING.
   987 | D:3      | 987 ||| STAIRDANCE
  1037 | D:2      | 1037 ||| Stepping ~*~*~tactically~*~*~ (stealth).
  1254 | D:2      | Reached XP level 4. HP: 27/28 MP: 4/4
  1379 | D:2      | Found a faded altar of an unknown god.
  1440 | D:2      | Reached skill level 4 in Axes
  1446 | D:2      | Found a burning altar of Makhleb.
  1522 | D:2      | 1522 ||| READING scroll labelled MEMNIMMIQIE.
  1787 | D:2      | 1787 ||| UPGRADING to +0 pair of gloves.
  1792 | D:2      | 1792 ||| UPGRADING to +0 helmet.
  1797 | D:2      | 1797 ||| READING scroll labelled QIFERUETE ZAOB.
  1798 | D:2      | 1798 ||| DRINKING 2 bubbling red potions.
  1859 | D:3      | 1859 ||| DROPPING +0 mace.
  2007 | D:3      | 2007 ||| Stepping ~*~*~tactically~*~*~ (hiding).
  2008 | D:3      | 2008 ||| Stepping ~*~*~tactically~*~*~ (hiding).
  2210 | D:3      | 2210 ||| UPGRADING to +0 chain mail.
  2220 | D:3      | 2220 ||| DROPPING +0 scale mail.
  2221 | D:3      | 2221 ||| READING scroll labelled ALUN CEONGONO.
  2265 | D:4      | Reached XP level 5. HP: 28/32 MP: 5/5
  2307 | D:4      | Reached skill level 1 in Throwing
  2458 | D:4      | Noticed an ogre
  2460 | D:4      | 2460 ||| Stepping ~*~*~tactically~*~*~ (stealth).
  2464 | D:4      | Slain by an ogre

Levels and vault maps discovered:
D:1:      dpeg_arrival_court, layout_basic
D:2:      layout_rooms, ebering_ecumenical_altar_hall, serial_glass,
          glass_columns_c, glass_columns_a, minmay_strange_pillars,
          feat_on_display, feat_on_display, basic_altar
D:3:      layout_rooms
D:4:      minmay_chambers_of_twos, layout_basic, uniq_grinder, uniq_sigmund

Skill      XL: |  1  2  3  4  5 |
---------------+----------------+-----
Axes           | 2 3 4 |  4.4
Throwing       | 1 |  1.4
Fighting       | |  3.2
Armour         | |  3.2
Shields        | |  3.2

Action                   |  1- 3 |  4- 6 || total
-------------------------+-------+-------++-------
Melee: War axe           |    41 |    82 ||   123
Throw: Javelin           |       |    10 ||    10
  Use: Scroll            |     2 |     3 ||     5
       Potion            |       |     1 ||     1
Armor: Scale mail        |    17 |    34 ||    51
       Chain mail        |       |    14 ||    14
Dodge: Dodged            |    14 |    32 ||    46
Block: Buckler           |    12 |    22 ||    34

Table legend:
 A = Non-vault XP
 B = Vault XP
 C = Vault XP percentage of total XP
 D = Non-vault monster count
 E = Vault monster count
 F = Vault count percentage of total count
                 A         B        C        D         E       F
            +---------+---------+-------+---------+---------+-------
      Total |     204 |       0 |   0.0 |      40 |       0 |   0.0
            +---------+---------+-------+---------+---------+-------
        D:1 |      11 |       0 |   0.0 |       6 |       0 |   0.0
        D:2 |      79 |       0 |   0.0 |      19 |       0 |   0.0
        D:3 |      66 |       0 |   0.0 |      13 |       0 |   0.0
        D:4 |      48 |       0 |   0.0 |       2 |       0 |   0.0
            +---------+---------+-------+---------+---------+-------
